Map: Turbo Cruise '84 LE

Players

DashDance - Winner!

  • Race: Terran Terran
  • League: Diamond
  • Spawn Location: 7:00

fegdfjhfkjfx

  • Race: Zerg Zerg
  • League: Platinum
  • Spawn Location: 3:00

VOD

Have the link to the VOD?

Description

Time

  • Played on: Aug. 19, 2019, 7:04 p.m.
  • Length: 10:27
Show
View Real Time Build Order
Export as new Build Order

DashDance Terran - Winner!

Build Orders:  

Get SALT Encoding   

  12  0:00  SCV  
  13  0:12  SCV  
  14  0:18  Supply Depot  
  14  0:24  SCV  
  15  0:39  SCV  
  15  0:41  Barracks  
  16  0:45  Refinery  
  16  0:51  SCV  
  17  1:03  SCV  
  18  1:15  SCV  
  19  1:29  Orbital Command  
  19  1:30  Reaper  
  19  1:55  Supply Depot  
  19  2:01  Bunker  
  19  2:03  Marine  
  20  2:10  SCV  
  21  2:20  Command Center  
  21  2:32  Marine  
  22  2:39  Barracks  
  22  2:50  Marine  
  23  2:59  SCV  
  24  3:07  Factory  
  24  3:09  Refinery  
  24  3:11  SCV  
  25  3:23  SCV  
  25  3:24  Barracks Reactor  
  26  3:35  SCV  
  27  3:41  Barracks Tech Lab  
  27  3:47  SCV  
  28  3:48  Orbital Command  
  28  3:51  Factory Tech Lab  
  28  3:59  SCV  
  29  4:08  Marine x2, Stimpack  
  29  4:09  Marine  
  32  4:10  Orbital Command  
  32  4:11  SCV  
  33  4:23  SCV, Siege Tank  
  37  4:29  Starport  
  37  4:32  Supply Depot, Barracks  
  37  4:34  Marine  
  37  4:35  SCV, Marine x2  
  41  4:50  SCV  
  41  4:52  Marine  
  40  5:02  SCV  
  41  5:14  SCV  
  40  5:26  SCV  
  40  5:27  Marine x3  
  44  5:29  Starport Tech Lab  
  44  5:31  Barracks Reactor, Starport Reactor  
  44  5:34  Siege Tank  
  42  5:44  SCV  
  42  5:45  Marine x3  
  46  5:56  SCV  
  44  6:03  Marine x3  
  47  6:05  SCV  
  47  6:08  SCV  
  49  6:14  Marine x2  
  49  6:17  Siege Tank  
  54  6:23  SCV x2, Marine x3, Medivac  
  61  6:28  Medivac  
  61  6:32  Marine  
  61  6:35  SCV  
  62  6:43  Supply Depot  
  62  6:44  Supply Depot x2  
  62  6:57  Supply Depot  
  62  6:58  Supply Depot  
  62  7:05  SCV x2, Marine x5, Siege Tank  
  72  7:13  Medivac x2  
  76  7:17  SCV  
  77  7:22  Marine x4  
  81  7:42  Marine  
  81  7:43  Marine x4  
  81  8:00  Marine x3  
  81  8:01  Marine x2  
  81  8:03  Engineering Bay  
  82  8:17  Siege Tank  
  82  8:18  Marine x4, Medivac x2  
  93  8:23  SCV x2  
  95  8:42  Missile Turret  
  95  8:43  Missile Turret  
  95  8:44  Missile Turret x2  
  95  8:45  Missile Turret  
  95  8:47  SCV  
  96  8:51  Refinery  
  96  8:57  Command Center  
  95  9:08  Marine x4  
  92  9:21  Marine  
  92  9:23  Medivac x2, Siege Tank  
  98  9:26  Marine x4  
  101  9:52  Marine x5  
  97  10:00  SCV x2  
  99  10:12  SCV  
  100  10:24  Refinery  
Show
View Real Time Build Order
Export as new Build Order

fegdfjhfkjfx Zerg 

Build Orders: Pool First 

Get SALT Encoding   

  12  0:01  Drone  
  13  0:08  Drone  
  14  0:19  Drone, Extractor  
  15  0:32  Spawning Pool  
  14  0:38  Drone, Extractor  
  14  0:43  Extractor  
  14  0:44  Drone  
  16  0:51  Overlord  
  16  1:10  Drone  
  17  1:20  Zergling x2  
  17  1:21  Zergling x2  
  17  1:22  Queen  
  21  1:39  Hatchery  
  20  1:56  Overlord  
  20  1:58  Queen  
  21  2:21  Zergling x2  
  21  2:44  Queen  
  21  2:47  Hatchery, Extractor  
  21  2:48  Drone  
  21  2:49  Drone x3, Extractor  
  23  3:06  Drone x4  
  27  3:25  Queen, Spine Crawler  
  28  3:43  Spine Crawler  
  28  3:44  Drone  
  28  3:45  Drone x3  
  31  4:02  Lair  
  30  4:04  Zergling x2  
  31  4:11  Queen  
  33  4:18  Drone x2  
  35  4:25  Drone x2  
  38  4:31  Drone x2  
  39  4:44  Zergling x4  
  40  4:56  Zergling x2  
  40  4:58  Queen  
  41  5:00  Overlord  
  40  5:10  Drone x3  
  40  5:11  Spire  
  41  5:15  Zergling x2  
  41  5:40  Drone x4  
  41  5:41  Drone  
  45  5:49  Overlord  
  45  5:53  Hydralisk Den  
  45  5:55  Baneling Nest  
  43  6:07  Zergling x2  
  43  6:08  Zergling x4  
  46  6:11  Drone  
  46  6:12  Drone x2  
  46  6:16  Drone x2  
  46  6:18  Overlord x2  
  51  6:19  Extractor  
  51  6:22  Extractor  
  46  6:37  Mutalisk  
  46  6:38  Mutalisk x4  
  56  6:57  Zergling x2  
  56  6:58  Zergling x4, Overlord  
  56  6:59  Overlord  
  56  7:00  Drone  
  60  7:03  Overlord x2  
  60  7:16  Queen  
  60  7:21  Baneling x4  
  62  7:34  Overlord x2  
  62  7:36  Drone x3  
  66  7:37  Drone x2  
  57  8:20  Lurker Den  
  57  8:25  Spore Crawler  
  56  8:27  Drone x4, Spore Crawler  
  56  8:28  Spore Crawler x2, Overlord  
  56  8:29  Spore Crawler x2  
  56  8:30  Spore Crawler  
  56  8:33  Pneumatized Carapace  
  53  8:35  Zergling x6  
  53  8:36  Baneling x2  
  53  8:39  Hydralisk  
  53  8:40  Hydralisk x2  
  62  8:41  Spine Crawler  
  62  8:42  Spine Crawler  
  48  9:14  Zergling x6  
  39  9:17  Hydralisk  
  39  9:18  Hydralisk x2  
  39  9:22  Mutalisk  
  39  9:24  Baneling x6  
  34  9:56  Lurker  
  34  9:59  Hydralisk x2  
Tags
 
Add a new tag
Caveats
  • Supply blocks, unpowered buildings, or Contaminate may cause inaccurate times.
  • Supply counts are checked every 10 seconds.